 Dungeon Crawl Stone Soup version 0.23.2 (webtiles) character file.

Game seed: 15647545639263409802

739 Fang the Skirmisher (level 7, -9/44 HPs)
             Began as a Gargoyle Berserker on Apr 4, 2019.
             Was a Priest of Trog.
             Killed from afar by Dowan (16 damage)
             ... with a shard of ice
             ... on level 5 of the Dungeon.
             The game lasted 00:05:21 (4303 turns).

Fang the Skirmisher (Gargoyle Berserker)            Turns: 4303, Time: 00:05:22

Health: -9/44      AC:  7    Str: 23    XL:     7   Next: 75%
Magic:  7/7        EV: 13    Int:  7    God:    Trog [***...]
Gold:   236        SH:  0    Dex:  9    Spells: 6/6 levels left

rFire    . . .     SeeInvis .   a - +0 hand axe
rCold    . . .     Gourm    .   (no shield)
rNeg     + . .     Faith    .   b - +0 animal skin
rPois    ∞         Spirit   .   (no helmet)
rElec    +         Reflect  .   (no cloak)
rCorr    .         Harm     .   (no gloves)
MR       .....                  (no boots)
Stlth    +.........             (no amulet)
HPRegen  0.14/turn              (no ring)
MPRegen  0.10/turn              (no ring)

@: berserk cooldown, slowed, very slow
A: negative energy resistance 1, electricity resistance, unbreathing,
petrification resistance, rot immunity, AC +4
a: Berserk, Trog's Hand, Renounce Religion


You were on level 5 of the Dungeon.
You worshipped Trog.
Trog was most pleased with you.
You were very hungry.

You visited 1 branch of the dungeon, and saw 5 of its levels.
You also visited: Sewer.

You collected 236 gold pieces.

Inventory:

Hand Weapons
 a - a +0 hand axe (weapon)
Armour
 b - a +0 animal skin (worn)
Wands
 s - a wand of scattershot (2)
Scrolls
 d - 2 scrolls of remove curse {unknown}
 e - a scroll of enchant weapon {unknown}
 f - 3 scrolls of enchant armour {unknown}
 g - 7 scrolls of identify {unknown}
 h - a scroll of magic mapping {unknown}
 i - 5 scrolls of teleportation {unknown}
 m - a scroll of immolation {unknown}
 u - 2 scrolls of fear {unknown}
 v - 2 scrolls of fog {unknown}
 w - a scroll of amnesia {unknown}
Potions
 j - 2 potions of agility {unknown}
 k - 4 potions of lignification {unknown}
 l - a potion of cancellation {unknown}
 n - a potion of mutation {unknown}
 o - a potion of degeneration {unknown}
 p - a potion of brilliance {unknown}
 q - 6 potions of curing {unknown}
 r - 4 potions of flight {unknown}
 t - a potion of invisibility {unknown}
 z - a potion of heal wounds {unknown}
Comestibles
 c - 4 rations
 x - 4 chunks of flesh


   Skills:
 + Level 5.6 Fighting
 + Level 4.6 Axes
 + Level 5.0 Armour
 + Level 3.6 Dodging


You had 6 spell levels left.
You didn't know any spells.
Your spell library was empty.

Dungeon Overview and Level Annotations

Branches:
Dungeon (5/15)
 Temple: D:4-7

Altars:
Dithmenos
Qazlal
Trog
Vehumet
Xom

Annotations:
D:5 Dowan


Innate Abilities, Weirdness & Mutations

You are resistant to torment.
Your stone body is resilient. (AC +4)
You are immune to poison.
You resist negative energy. (rN+)
You are resistant to electric shocks. (rElec)
You can survive without breathing.
You are immune to petrification.
You are immune to rotting.


Message History

You are too injured to fight recklessly!
You are too injured to fight recklessly!
You are too injured to fight recklessly!
You are too injured to fight recklessly!
You are too injured to fight recklessly!
You are too injured to fight recklessly!
You are too injured to fight recklessly!
You are too injured to fight recklessly!
You are too injured to fight recklessly!
You are too injured to fight recklessly!
You feel a strong urge to attack something.
You are no longer berserk.
You are exhausted.
You feel yourself slow down. Dowan hits you with a +0 dagger.
* * * LOW HITPOINT WARNING * * *
Dowan hits you but does no damage.
Dowan points at you and mumbles some strange words.
The shard of ice hits you!
You die...

#...÷.....#
#...##....##
.).. #..# #...##
#....##.. ##..##
#..<... ##<.##
....... ##..##
....... ##..##
#.....###÷.##
#.!.....@.##
##^...).e..##
............#
.........#....#
...!....######.#
........# #
........#
.....##.. ....#
###


You could see Dowan.

Vanquished Creatures
  Sigmund (D:2)
  Duvessa (D:5)
  An ogre (D:3)
  A howler monkey (D:4)
  A bullfrog zombie (D:5)
  A hound (D:5)
  An iguana (D:4)
  A worker ant (D:2)
  9 adders
  3 river rats (D:3)
  7 worms
  8 leopard geckos
  An orc (D:3)
  2 ball pythons
  13 bats
  7 giant cockroaches
  6 goblins
  7 hobgoblins
  18 jackals
  2 quokkas
  6 frilled lizards
  7 kobolds
  5 rats
109 creatures vanquished.

Notes
Turn   | Place    | Note
-------+----------+-------------------------------------------
     0 | D:1      | Fang the Gargoyle Berserker began the quest for the Orb.
     0 | D:1      | Reached XP level 1. HP: 14/14 MP: 1/1
    88 | D:1      | Reached XP level 2. HP: 15/19 MP: 2/2
   603 | D:2      | Reached ** piety under Trog
   603 | D:2      | Reached XP level 3. HP: 9/23 MP: 3/3
  1022 | D:2      | Reached XP level 4. HP: 12/29 MP: 4/4
  1377 | D:2      | Found a shimmering altar of Xom.
  1770 | D:2      | Found a bloodstained altar of Trog.
  2046 | D:2      | Noticed Sigmund
  2059 | D:2      | Killed Sigmund
  2059 | D:2      | Reached XP level 5. HP: 34/34 MP: 5/5
  2059 | D:2      | Reached XP level 6. HP: 39/39 MP: 6/6
  2356 | D:3      | Found a shadowy altar of Dithmenos.
  2363 | D:3      | Found a radiant altar of Vehumet.
  2558 | D:3      | Reached skill level 5 in Fighting
  2612 | D:3      | Reached *** piety under Trog
  2664 | D:3      | Found a glowing drain.
  2668 | Sewer    | Entered a sewer
  2679 | Sewer    | Reached XP level 7. HP: 35/44 MP: 7/7
  3728 | D:4      | Received a gift from Trog
  4050 | D:4      | Found a stormy altar of Qazlal.
  4234 | D:5      | Entered Level 5 of the Dungeon
  4287 | D:5      | Noticed Dowan
  4288 | D:5      | Noticed Duvessa
  4299 | D:5      | Killed Duvessa
  4299 | D:5      | Reached skill level 5 in Armour
  4303 | D:5      | Killed from afar by Dowan

Skill      XL: |  1  2  3  4  5  6  7 |
---------------+----------------------+-----
Axes           | 3 4 |  4.6
Dodging        | 2 3 |  3.6
Armour         | 3 4 5 |  5.0
Fighting       | 4 5 |  5.6

Action                   |  1- 3 |  4- 6 |  7- 9 || total
-------------------------+-------+-------+-------++-------
Melee: Hand axe          |   113 |   199 |   138 ||   450
Invok: Berserk           |     2 |     4 |     1 ||     7
  Eat: Chunk             |     1 |    10 |     6 ||    17
Armor: Animal skin       |    54 |    58 |    63 ||   175
Dodge: Dodged            |   105 |   165 |   121 ||   391
